 Dungeon Crawl Stone Soup version 0.21-a0-135-g8dc100c (webtiles) character file.

47 MatthieuS the Grave Robber (level 3, 0/26 HPs)
             Began as a Ghoul Necromancer on July 17, 2017.
             Hit by a goblin thrown by Robin (1 damage)
             ... on level 2 of the Dungeon.
             The game lasted 00:03:26 (1285 turns).

MatthieuS the Grave Robber (Ghoul Necromancer)      Turns: 1285, Time: 00:03:27

Health: 0/26       AC:  2    Str: 16    XL:     3   Next: 70%
Magic:  1/5        EV: 17    Int: 11    God:
Gold:   113        SH:  0    Dex: 14    Spells: 5/7 levels left

rFire    . . .     SeeInvis .   (no weapon)
rCold    + . .     Gourm    .   (no shield)
rNeg     + + +     Faith    .   a - +0 robe
rPois    ∞         Spirit   .   (no helmet)
rElec    .         Reflect  .   (no cloak)
rCorr    .         Harm     .   (no gloves)
MR       .....                  (no boots)
Stlth    +++.......             (no amulet)
HPRegen  0.00/turn              (no ring)
MPRegen  0.09/turn              (no ring)

@: mighty, agile, very slightly contaminated, rotting
A: rotting body, claws 1, carnivore 3, cold resistance 1, negative energy
resistance 3, inhibited regeneration, torment resistance, unbreathing
a: no special abilities


You were on level 2 of the Dungeon.
You were hungry.

You visited 1 branch of the dungeon, and saw 2 of its levels.

You collected 113 gold pieces.

Inventory:

Missiles
 e - 47 stones (quivered)
 n - 8 javelins
Armour
 a - a +0 robe (worn)
 h - a +0 leather armour
Scrolls
 d - 4 scrolls of teleportation {unknown}
 i - a scroll of enchant armour {unknown}
 j - 2 scrolls of amnesia {unknown}
 k - 4 scrolls of identify {unknown}
 l - a scroll of fear {unknown}
 q - a scroll of random uselessness {unknown}
Potions
 o - a potion of curing {unknown}
 p - a potion of lignification {unknown}
Books
 b - a book of Necromancy

   Spells                             Type                      Level
   a - Pain                           Necromancy                   1
   b - Animate Skeleton               Necromancy                   1
   c - Vampiric Draining              Necromancy                   3
   d - Regeneration                   Charms/Necromancy            3
   e - Animate Dead                   Necromancy                   4
   f - Control Undead                 Necromancy                   4
Comestibles
 c - 3 meat rations


   Skills:
 - Level 1.7 Dodging
 - Level 2.1 Stealth
 + Level 2.5 Spellcasting
 * Level 4.7 Necromancy


You had 5 spell levels left.
You knew the following spells:

 Your Spells              Type           Power        Failure   Level  Hunger
a - Pain                  Necr           ##..         3%          1    ##.....
b - Animate Skeleton      Necr           N/A          3%          1    ##.....


Dungeon Overview and Level Annotations

Branches:
Dungeon (2/15)

Altars:

Annotations:
D:2 Robin


Innate Abilities, Weirdness & Mutations

Your body is rotting away.
You thrive on raw meat.
You are immune to poison.
You have sharp fingernails.
You are carnivorous and can eat meat at any time.
Your flesh is cold resistant. (rC+)
You are immune to negative energy. (rN+++)
You do not regenerate when monsters are visible.
You are immune to unholy pain and torment.
You can survive without breathing.


Message History

You scratch the hobgoblin.
The hobgoblin is moderately wounded.
The hobgoblin hits you.
Robin roars a battlecry!
The hobgoblins go into a battle-frenzy!
You hear a shout!
You scratch the hobgoblin.
The hobgoblin is severely wounded.
The hobgoblin hits you.
* * * LOW HITPOINT WARNING * * *
It was a potion of might.
You feel very mighty all of a sudden. The hobgoblin hits you.
* * * LOW HITPOINT WARNING * * *
Robin says, "My goblins will feast on your bones."
It was a potion of agility.
You feel agile all of a sudden. The hobgoblin closely misses you.
Robin throws the goblin at you!
You die...

###
##########.#######
......g@ggg.......
##########%#######
#)# #.# .# #####'###
###.# #.......#
..... #.......#
.....
##.......######.....
#.g................$


You could see Robin, 2 hobgoblins and a goblin.

Vanquished Creatures
  An adder (D:2)
  A dart slug (D:2)
  6 bats
  13 goblins
  A hobgoblin (D:2)
  2 jackals (D:1)
  3 kobolds
  A ball python (D:2)
  6 rats
34 creatures vanquished.

Notes
Turn   | Place    | Note
-------+----------+-------------------------------------------
     0 | D:1      | MatthieuS the Ghoul Necromancer began the quest for the Orb.
     0 | D:1      | Reached XP level 1. HP: 14/14 MP: 2/2
   227 | D:1      | Reached XP level 2. HP: 20/20 MP: 1/3
   720 | D:1      | Learned a level 1 spell: Animate Skeleton
   953 | D:2      | Reached XP level 3. HP: 23/26 MP: 0/5
  1159 | D:2      | Noticed Robin
  1283 | D:2      | HP: 1/26 [hobgoblin[Robin] (6)]
  1285 | D:2      | Hit by a goblin thrown by Robin

Vault maps used:
D:1:      scummos_arrival_checkerplants, minmay_misc_feat_pillars
D:2:      grunt_temple_overflow_opulence, uniq_robin

Skill      XL: |  1  2 |
---------------+-------+-----
Spellcasting   | 2 |  2.5
Dodging        | |  1.7
Stealth        | |  2.1
Necromancy     | |  4.7

Action                   || total
-------------------------++-------
Melee: Unarmed           ||    34
 Cast: Pain              ||    48
       Animate Skeleton  ||     4
  Use: Potion            ||     2
  Eat: Chunk             ||     2
Armor: Robe              ||     5
Dodge: Dodged            ||    36
